 Dungeon Crawl Stone Soup version 0.27-a0-732-ga892ba84f6 (webtiles) character file.

Game seed: 15575767173394966677

1873 galehar the Firebug (level 8, 0/41 HPs)
             Began as a Deep Elf Fire Elementalist on Mar 22, 2021.
             Was a Follower of Qazlal.
             Shot with a sling bullet by Joseph (12 damage)
             ... on level 7 of the Dungeon on Jan 24, 2022.
             The game lasted 02:12:00 (9382 turns).

galehar the Firebug (Deep Elf Fire Elementalist)    Turns: 9382, Time: 02:12:01

Health: 0/41       AC:  6    Str:  5    XL:     8   Next: 91%
Magic:  9/16       EV: 13    Int: 23    God:    Qazlal [*.....]
Gold:   178        SH:  2    Dex: 15    Spells: 0/15 levels left

rFire    + . .     SeeInvis .   j - +2 dagger (venom)
rCold    + . .     Faith    .   (no shield)
rNeg     . . .     Spirit   .   B - +2 robe {Will+}
rPois    .         Reflect  .   n - +0 helmet
rElec    .         Harm     .   g - scarf {rC+ rF+}
rCorr    .         Rampage  .   (no gloves)
Will     +....                  C - +0 pair of boots
Stlth    ++........             (no amulet)
HPRegen  0.13/turn              (no ring)
MPRegen  0.15/turn              (no ring)

@: marked
A: no striking features
a: Renounce Religion


You were on level 7 of the Dungeon.
You worshipped Qazlal.
Qazlal was aware of your devotion.
You visited 2 branches of the dungeon, and saw 8 of its levels.

You collected 332 gold pieces.
You spent 154 gold pieces at shops.

Inventory:

Hand Weapons
 a - a +1 dagger of venom
 c - a +0 vorpal hand axe
 j - a +2 dagger of venom (weapon)
 u - the +8 long sword of Eternal Night {vorpal, +Rage +Inv Str-5}
   (You found it on level 7 of the Dungeon)

   It inflicts extra damage upon your enemies.
   It affects your strength (-5).
   It lets you turn invisible.
   It lets you go berserk.
 w - a +2 falchion of holy wrath
Missiles
 t - 17 poisoned darts
Armour
 g - a scarf of resistance (worn)
 n - a +0 helmet (worn)
 p - a +0 buckler
 y - a +1 leather armour of fire resistance
 B - a +2 robe of willpower (worn)
 C - a +0 pair of boots (worn)
Magical Staves
 l - a staff of cold
Jewellery
 F - a +4 ring of slaying
Wands
 i - a wand of iceblast (6)
 z - a wand of flame (18)
 D - a wand of digging (5)
Scrolls
 e - a scroll of noise {unknown}
 f - 2 scrolls of amnesia
 h - 2 scrolls of immolation
 k - a scroll of summoning {unknown}
 o - a scroll of brand weapon
 r - a scroll of fear
 s - a scroll of teleportation
 x - a scroll of holy word
Potions
 b - 2 potions of attraction
 d - a potion of invisibility
 m - 2 potions of heal wounds
 q - a potion of might
 v - 2 potions of brilliance
 A - 3 potions of curing
 E - a potion of haste {unknown}
 G - 2 potions of resistance


   Skills:
 - Level 3.3 Dodging
 - Level 2.8 Stealth
 - Level 1.0 Shields
 - Level 4.0 Spellcasting
 + Level 6.2 Conjurations
 - Level 4.9 Hexes
 - Level 4.0 Translocations
 + Level 7.3 Fire Magic
 - Level 3.0 Air Magic
 + Level 3.3 Poison Magic


You couldn't memorise any spells.
You knew the following spells:

 Your Spells              Type           Power      Damage    Failure   Level
a - Foxfire               Conj/Fire      100%       2x1d9     1%          1
b - Magic Dart            Conj           100%       1d8       1%          1
c - Conjure Flame         Conj/Fire      35%        6-21      1%          3
d - Blink                 Tloc           N/A        N/A       3%          2
e - Inner Flame           Hex/Fire       32%        N/A       2%          3
f - Slow                  Hex            27%        N/A       1%          2
g - Mephitic Cloud        Conj/Pois/Air  24%        N/A       5%          3

Your spell library contained the following spells:

 Spells                   Type           Power      Damage    Failure   Level
 Sticky Flame             Conj/Fire      35%        2d5       6%          4
 Animate Skeleton         Necr           8%         N/A       11%         1
 Freeze                   Ice            16%        1d4       11%         1
 Pain                     Necr           16%        1d4       11%         1
 Call Imp                 Summ           4%         N/A       16%         2
 Fireball                 Conj/Fire      17%        3d9       19%         5
 Hailstorm                Conj/Ice       18%        3d6       28%         4
 Frozen Ramparts          Ice            8%         1d2       30%         3
 Ozocubu's Armour         Ice            4%         N/A       30%         3
 Vampiric Draining        Necr           2%         2d6       30%         3
 Animate Dead             Necr           2%         N/A       71%         4
 Summon Ice Beast         Ice/Summ       4%         N/A       71%         4
 Agony                    Necr           4%         N/A       96%         5


Dungeon Overview and Level Annotations

Branches:
Dungeon (7/15)             Temple (1/1) D:5

Altars:
Ashenzari
Cheibriados
Dithmenos
Elyvilon
Fedhas
Gozag
Hepliaklqana
Kikubaaqudgha
Makhleb
Nemelex Xobeh
Okawaru
Qazlal
Ru
Sif Muna
Trog
Uskayaw
Vehumet
Wu Jian
Xom
Yredelemnul
Zin
The Shining One

Shops:
D:1 ?   D:5 *

Annotations:
D:7 Harold, Joseph, Pikel, Prince Ribbit


Message History

Confirm with . or Enter, or press ? or * to list all spells.
Aiming: Mephitic Cloud (dangerous; 5% risk of failure)
Press: ? - help, Shift-Dir - straight line, f - orc
Aim: an orc, wielding a +0 short sword, wearing a +0 ring mail and carrying a wand of flame (6) (chance to affect: 96%)
The ball explodes into a vile cloud!
The stinking cloud engulfs the orc but does no damage.
You hear a shout! x8
The orc is engulfed in noxious fumes.
The orc appears confused.
Harold shouts!
Harold says, "Do you have any idea what people are willing to pay to have you killed, galehar?"
Harold throws a throwing net.
The throwing net misses you.
You see here a throwing net.
Unknown command.
Casting: Mephitic Cloud (dangerous; 5% risk of failure)
Confirm with . or Enter, or press ? or * to list all spells.
You blink.
Throw: 18 darts (poison)
Press: ? - help, Shift-Dir - straight line, f/p - orc
Aim: an orc, wielding a +0 short sword, wearing a +0 ring mail and carrying a wand of flame (6) (moderately wounded, 61% to hit)
You throw a poisoned dart. The poisoned dart hits the orc.
The orc is poisoned.
The orc is moderately wounded.
The orc zaps a wand.
The puff of flame hits you. You resist.
The orc zaps a wand.
The puff of flame hits you. You resist.
A cyclops comes into view.
The cyclops moves out of view.
Prince Ribbit comes into view.
Harold throws a throwing net.
The throwing net barely misses you.
The orc zaps a wand.
The puff of flame hits you. You resist.
You see here a throwing net.
As you read the scroll of fear, it crumbles to dust.
You assume a fearsome visage.
Harold resists with some effort.
The orc looks frightened!
Harold casts a spell at you. A sentinel's mark forms upon you.
Harold fires a harpoon shot at you. The harpoon shot hits you.
* * * LOW HITPOINT WARNING * * *
You are yanked forward by the harpoon shot.
Joseph shoots a sling bullet.
The sling bullet hits you!
You die...

#...................##.#.##.(##.
#..##(.#.#####..##...(.#.##..##.
#..###.#.# #.(###.####.##.)##.
#..###.#.# #.o# #.# #.##.)##.
.#..(##.#.# #oo# #.. .........
...#.##.#.# #..# #### .........
.#........#####..# #.##..##@
.#........@.....@# #........
#...#..#######.@# #.>.###+#
...#....#######..# #.[.# #.#
.#...#..#.....(°.# #...###.#
.....[....#####.## # #...###_.
!(..F...........# #.#...###.#
###.##C########.# #.#...# #.# ..
#.# #.....###'# # #.# #.$§§§.o.
..# #o)§§..##


You could see Harold, Joseph and 3 orcs.

Vanquished Creatures
  Eustachio (D:4)
  Menkaure (D:5)
  Duvessa (D:5)
  An orc warrior (D:6)
  An ice beast (D:5)
  A centaur (D:6)
  2 ogres
  A phantom (D:5)
  Blork the orc (D:5)
  A bullfrog (D:5)
  Dowan (D:5)
  A quasit (D:5)
  2 centaur zombies (D:6)
  A bullfrog zombie (D:5)
  A bullfrog skeleton (D:5)
  A hound (D:5)
  2 jellies (D:5)
  A gnoll shaman (D:1)
  An orc priest (D:6)
  2 iguanas
  Natasha (thrice) (D:4)
  2 orc wizards
  4 worker ants
  A hound zombie (D:6)
  A howler monkey skeleton (D:7)
  7 gnolls
  4 adders
  A river rat (D:3)
  An ufetubus (D:3)
  An adder skeleton (D:6)
  6 worms
  3 dart slugs
  14 orcs
  6 giant cockroaches
  5 goblins
  A hobgoblin (D:1)
  11 jackals
  4 oozes
  7 quokkas
  4 ball pythons
  3 bats
  2 frilled lizards
  3 kobolds
  2 quokka skeletons
  8 rats
128 creatures vanquished.

Vanquished Creatures (others)
  460 foxfires
460 creatures vanquished.

Grand Total: 588 creatures vanquished

Notes
Turn   | Place    | Note
-------+----------+-------------------------------------------
     0 | D:1      | galehar the Deep Elf Fire Elementalist began the quest for
                  | the Orb.
     0 | D:1      | Reached XP level 1. HP: 10/10 MP: 6/6
   246 | D:1      | Reached XP level 2. HP: 15/15 MP: 4/8
   284 | D:1      | Found Payvvon's Magic Scroll Shop.
   631 | D:1      | Reached skill level 4 in Fire Magic
   705 | D:1      | Reached XP level 3. HP: 18/19 MP: 0/10
   716 | D:1      | Learned a level 1 spell: Magic Dart
   720 | D:1      | Learned a level 3 spell: Conjure Flame
   724 | D:1      | Learned a level 3 spell: Inner Flame
  1373 | D:2      | Reached XP level 4. HP: 24/24 MP: 7/12
  1785 | D:2      | Learned a level 2 spell: Blink
  2059 | D:3      | Found a stormy altar of Qazlal.
  2075 | D:3      | Reached skill level 1 in Translocations
  2336 | D:3      | Reached XP level 5. HP: 28/28 MP: 8/13
  3156 | D:5      | Entered Level 5 of the Dungeon
  3401 | D:4      | Noticed Natasha
  3405 | D:4      | Killed Natasha
  3441 | D:4      | Reached skill level 1 in Hexes
  3441 | D:4      | Reached XP level 6. HP: 32/32 MP: 8/14
  3545 | D:4      | Noticed Eustachio
  3583 | D:4      | Learned a level 3 spell: Inner Flame
  3591 | D:4      | Noticed Natasha
  3629 | D:4      | Killed Natasha
  3636 | D:4      | Noticed Natasha
  3651 | D:3      | Became a worshipper of Qazlal Stormbringer
  3785 | D:4      | Killed Natasha
  3852 | D:4      | Killed Eustachio
  4030 | D:4      | Reached XP level 7. HP: 17/36 MP: 9/15
  4227 | D:5      | Found Paulijol's General Store.
  4234 | D:5      | Bought a scroll of fear for 49 gold pieces
  4234 | D:5      | Bought a scroll of holy word for 105 gold pieces
  4236 | D:5      | Found a staircase to the Ecumenical Temple.
  4236 | D:5      | Noticed Blork the orc
  4247 | D:5      | Learned a level 2 spell: Slow
  4292 | D:5      | Reached skill level 5 in Fire Magic
  4366 | D:5      | Found a hide-covered altar of Uskayaw.
  4600 | D:5      | Noticed Menkaure
  5233 | D:5      | Killed Menkaure
  5234 | D:5      | Reached skill level 6 in Fire Magic
  5463 | D:5      | Noticed Duvessa
  5464 | D:5      | Upgraded the game from 0.27-a0-705-ga0013940fb to
                  | 0.27-a0-732-ga892ba84f6
  5464 | D:5      | Noticed Dowan
  5501 | D:5      | Killed Duvessa
  5502 | D:5      | Reached skill level 5 in Conjurations
  5502 | D:5      | Reached XP level 8. HP: 41/41 MP: 0/16
  5878 | D:5      | Killed Dowan
  6105 | D:5      | Reached * piety under Qazlal
  6177 | D:5      | Killed Blork the orc
  6178 | D:5      | Reached skill level 7 in Fire Magic
  6463 | D:6      | HP: 2/41 [centaur/arrow (15)]
  6698 | D:5      | Reached skill level 1 in Shields
  6835 | Temple   | Entered the Ecumenical Temple
  7132 | D:6      | Found a bloodstained altar of Trog.
  7132 | D:6      | Found a hazy altar of Hepliaklqana.
  7201 | D:6      | Reached skill level 1 in Air Magic
  7201 | D:6      | Reached skill level 1 in Poison Magic
  7397 | D:6      | Learned a level 3 spell: Mephitic Cloud
  8457 | D:7      | Noticed Harold
  9030 | D:7      | Found a hide-covered altar of Uskayaw.
  9177 | D:7      | Noticed Pikel
  9204 | D:7      | Identified the +8 long sword of Eternal Night {vorpal,
                  | +Rage +Inv Str-5}
  9218 | D:7      | Noticed Joseph
  9375 | D:7      | Noticed a cyclops
  9376 | D:7      | Noticed Prince Ribbit
  9382 | D:7      | Shot with a sling bullet by Joseph

Illustrated notes

Levels and vault maps discovered:
D:1:      zelgadis_glass_arrival_small, layout_loops_ring, serial_shops,
          shop_fountains
D:2:      layout_rooms
D:3:      layout_basic, nicolae_overflow_hidden_temple, portal_sewer_entry_b
D:4:      layout_rooms, uniq_eustachio, uniq_natasha
D:5:      layout_cave_pods, temple_fountains, basic_altar, serial_shops,
          nicolae_shop_stone, uniq_blork_the_orc, uniq_menkaure, uniq_duvessa
D:6:      layout_loops_cross, chequers_temple_overflow_statue_of_worship
D:7:      layout_loops_ring, lemuel_doored_altar, uniq_harold,
          uniq_prince_ribbit1, uniq_pikel, uniq_joseph
Temple:   dpeg_five_rooms_temple

Skill      XL: |  1  2  3  4  5  6  7  8 |
---------------+-------------------------+-----
Fire Magic     | 4 6 7 |  7.3
Dodging        | 3 |  3.3
Spellcasting   | 4 |  4.0
Conjurations   | 2 5 6 |  6.2
Translocations | 1 4 |  4.0
Hexes          | 1 4 |  4.9
Shields        | 1 |  1.0
Air Magic      | 3 |  3.0
Poison Magic   | 3 |  3.3
Stealth        | |  2.8

Action                   |  1- 3 |  4- 6 |  7- 9 || total
-------------------------+-------+-------+-------++-------
Melee: Dagger            |       |     8 |     1 ||     9
Throw: Dart              |       |       |     1 ||     1
 Cast: Foxfire           |    63 |   115 |   137 ||   315
       Magic Dart        |    13 |    44 |    67 ||   124
       Blink             |       |     2 |     6 ||     8
       Conjure Flame     |       |       |    12 ||    12
       Slow              |       |       |    23 ||    23
       Mephitic Cloud    |       |       |    12 ||    12
Evoke: Wand              |       |       |     1 ||     1
  Use: Scroll            |       |     5 |     8 ||    13
       Potion            |       |     3 |     4 ||     7
Armor: Robe              |       |    13 |    18 ||    31
Dodge: Dodged            |     5 |    45 |    53 ||   103
Block: Other             |       |       |     4 ||     4

Table legend: (Time is in decaauts)
 A = Elapsed time spent in this place.
 B = Non-inter-level travel time spent in this place.
 C = Inter-level travel time spent in this place.
 D = Time resting spent in this place.
 E = Time spent auto-exploring this place.
 F = Levels seen in this place.
 G = Mean time per level.
                   A        B        C        D        E       F      G
               +--------+--------+--------+--------+--------+-----+--------+
         Total |   9410 |   8791 |    619 |   2712 |   4116 |   8 | 1176.2 |
       Dungeon |   9142 |   8553 |    589 |   2712 |   3896 |   7 | 1306.0 |
        Temple |    267 |    237 |     30 |      0 |    220 |   1 |  267.0 |
               +--------+--------+--------+--------+--------+-----+--------+

Top non-repeatable levels by time:
     D:5: 2638 daAuts
     D:6: 1676 daAuts
     D:3: 1337 daAuts
     D:4: 1215 daAuts
     D:1: 1157 daAuts
     D:2: 825 daAuts
     D:7: 290 daAuts
  Temple: 267 daAuts
